Map: Dusk Towers

Players

Miszu - Winner!

  • Race: Zerg Zerg
  • League: Master

GilTzOkO

  • Race: Terran Terran
  • League: Master

VOD

Have the link to the VOD?

Description

Time

  • Played on: June 27, 2016, 4:52 p.m.
  • Length: 10:46
Show
View Real Time Build Order
Export as new Build Order

Miszu Zerg - Winner!

Build Orders: Hatch First 

Get SALT Encoding   

  12  0:01  Drone  
  13  0:09  Drone  
  14  0:21  Overlord  
  14  0:25  Extractor  
  14  0:26  Drone  
  15  0:41  Drone x2  
  17  0:52  Hatchery  
  17  0:55  Drone  
  17  0:59  Drone  
  18  1:06  Drone  
  18  1:10  Extractor  
  18  1:18  Spawning Pool  
  18  1:21  Drone  
  18  1:28  Drone  
  19  1:39  Drone  
  20  1:48  Drone  
  21  2:05  Queen x2  
  21  2:07  Zergling x4  
  27  2:11  Overlord  
  27  2:16  Drone  
  28  2:26  Metabolic Boost  
  28  2:33  Drone x3  
  28  2:37  Overlord  
  31  2:40  Queen  
  33  2:47  Drone  
  33  2:50  Pneumatized Carapace  
  34  2:52  Drone  
  34  2:53  Drone  
  36  2:58  Drone  
  36  3:04  Drone  
  38  3:08  Drone  
  38  3:11  Hatchery  
  38  3:13  Drone  
  38  3:14  Drone  
  40  3:20  Overlord  
  40  3:22  Drone  
  40  3:23  Drone  
  40  3:26  Drone  
  40  3:27  Drone  
  44  3:34  Lair  
  44  3:36  Extractor x2, Drone  
  44  3:39  Drone  
  44  3:40  Drone  
  45  3:43  Drone  
  46  3:56  Queen  
  46  3:58  Spore Crawler  
  46  3:59  Spore Crawler  
  46  4:03  Roach Warren  
  46  4:05  Drone  
  46  4:06  Evolution Chamber  
  46  4:07  Drone  
  46  4:09  Evolution Chamber  
  45  4:12  Overlord  
  45  4:28  Queen  
  47  4:36  Overseer  
  47  4:38  Queen  
  49  4:41  Drone x7  
  56  4:54  Roach x4  
  64  5:08  Roach  
  64  5:09  Overlord x2  
  64  5:13  Overlord  
  66  5:18  Overlord  
  66  5:25  Overlord  
  66  5:28  Drone x2  
  68  5:29  Overlord x2  
  68  5:33  Spire  
  68  5:34  Extractor  
  68  5:35  Drone x2  
  68  5:36  Drone  
  68  5:40  Drone x2  
  68  5:41  Drone  
  72  5:49  Drone x5  
  77  5:51  Extractor  
  77  5:54  Extractor  
  75  5:57  Drone x2  
  75  5:59  Drone x2  
  75  6:00  Drone  
  75  6:01  Drone  
  81  6:08  Drone x2  
  83  6:16  Overlord  
  83  6:19  Drone x2  
  83  6:22  Drone x2  
  83  6:24  Drone x6  
  93  6:37  Hydralisk Den  
  92  6:45  Corruptor  
  94  6:47  Spore Crawler  
  94  6:48  Corruptor x4  
  101  7:08  Corruptor x5  
  101  7:09  Corruptor  
  101  7:12  Zerg Missile Weapons Level 1  
  101  7:15  Zerg Ground Armor Level 1  
  113  7:20  Roach x3  
  119  7:31  Corruptor  
  119  7:32  Corruptor x3  
  127  7:37  Muscular Augments  
  127  7:48  Overseer  
  127  8:03  Hatchery  
  127  8:04  Extractor  
  125  8:07  Extractor, Hydralisk x2, Overseer x2  
  125  8:08  Hydralisk  
  127  8:41  Hydralisk  
  127  8:45  Overlord  
  127  8:46  Overlord x8  
  129  9:09  Hydralisk x3  
  131  9:10  Hydralisk x7  
  149  9:19  Hydralisk x7  
  163  9:37  Hydralisk  
  163  9:38  Hydralisk x6  
  168  9:42  Hydralisk  
  178  9:51  Hydralisk x2  
  178  9:52  Hydralisk x6  
  191  9:56  Infestation Pit  
  190  10:03  Hydralisk x2  
  190  10:05  Overlord  
Show
View Real Time Build Order
Export as new Build Order

GilTzOkO Terran 

Build Orders: 1/1/1, Banshee Rush 

Get SALT Encoding   

  12  0:00  SCV  
  13  0:13  SCV  
  14  0:17  Supply Depot  
  14  0:25  SCV  
  15  0:39  SCV  
  15  0:41  Refinery  
  16  0:48  Barracks  
  16  0:51  SCV  
  17  1:03  SCV  
  18  1:13  Supply Depot  
  18  1:15  SCV  
  19  1:27  SCV  
  20  1:35  Marine  
  20  1:39  SCV  
  22  1:42  Factory  
  22  1:52  SCV  
  22  1:53  Marine  
  24  2:04  Orbital Command  
  24  2:23  Command Center  
  24  2:29  Starport  
  25  2:30  SCV  
  25  2:37  Factory Tech Lab  
  25  2:38  Refinery  
  25  2:42  SCV  
  26  2:48  Supply Depot  
  26  2:54  SCV  
  27  3:06  SCV  
  27  3:09  Hellion  
  30  3:13  Banshee  
  30  3:18  SCV  
  34  3:24  Cloaking Field  
  34  3:30  SCV  
  35  3:35  Barracks Reactor  
  35  3:36  Orbital Command  
  35  3:41  Hellion  
  35  3:42  SCV  
  38  3:54  SCV  
  39  3:56  Banshee  
  42  4:03  SCV  
  42  4:06  SCV  
  44  4:15  Command Center, SCV  
  45  4:18  SCV  
  45  4:22  Supply Depot  
  46  4:27  Refinery, SCV  
  46  4:28  Refinery  
  47  4:31  Engineering Bay  
  47  4:36  Hellion x2  
  47  4:38  SCV  
  52  4:43  Banshee  
  52  4:44  Supply Depot  
  55  4:45  SCV  
  55  4:50  SCV  
  57  4:58  Supply Depot  
  54  5:01  SCV  
  54  5:03  Barracks Reactor  
  54  5:04  SCV  
  56  5:10  Starport  
  56  5:11  Supply Depot, Starport  
  56  5:13  SCV  
  57  5:15  Hellion  
  57  5:20  Hellion  
  57  5:21  SCV  
  62  5:27  Supply Depot  
  62  5:32  Liberator  
  62  5:36  SCV  
  62  5:37  Supply Depot  
  62  5:38  SCV, Missile Turret  
  62  5:40  Missile Turret  
  64  5:48  SCV, Liberator  
  64  5:49  Liberator  
  68  5:52  Orbital Command  
  68  5:53  SCV  
  69  6:00  SCV  
  70  6:05  SCV  
  77  6:12  SCV  
  77  6:14  Widow Mine x2  
  77  6:17  SCV  
  77  6:18  SCV  
  84  6:19  Missile Turret  
  84  6:24  SCV  
  85  6:25  Missile Turret  
  85  6:30  SCV x2, Liberator x2  
  87  6:34  Liberator  
  87  6:36  SCV  
  88  6:42  SCV x2  
  88  6:43  Widow Mine x2  
  88  6:45  Refinery  
  94  6:47  Supply Depot, Refinery  
  94  6:49  SCV  
  94  6:50  Barracks Tech Lab  
  94  6:54  SCV x2  
  105  6:58  Supply Depot  
  105  7:01  SCV  
  107  7:08  SCV  
  106  7:11  SCV, Widow Mine x2  
  106  7:14  SCV  
  112  7:16  Armory  
  112  7:18  Armory  
  112  7:21  SCV  
  113  7:23  Command Center  
  113  7:24  SCV  
  113  7:28  Supply Depot, Command Center  
  113  7:29  Supply Depot  
  110  7:37  SCV  
  110  7:41  Hellion x2  
  115  7:49  Banshee  
  115  7:50  Starport Tech Lab  
  118  7:51  Viking x2  
  118  7:52  SCV  
  121  8:02  Hellion x2  
  125  8:15  SCV, Liberator  
  126  8:21  Viking  
  128  8:31  Liberator x2  
  131  8:34  Widow Mine x2  
  131  8:37  Planetary Fortress  
  131  8:39  Missile Turret  
  136  8:53  Command Center  
  136  8:54  Factory  
  136  8:55  Factory  
  136  9:03  Widow Mine  
  138  9:12  Missile Turret  
  135  9:20  Banshee  
  136  9:28  Viking  
  136  9:31  Viking  
  140  9:32  Liberator  
  140  9:36  Factory  
  140  9:37  Command Center  
  140  9:38  Factory  
  140  9:44  Liberator  
  138  9:46  Liberator  
  138  9:48  Widow Mine x2, Factory Tech Lab  
  138  9:52  Factory Tech Lab  
  141  10:03  Missile Turret x2  
  145  10:11  Orbital Command  
  146  10:29  SCV x2  
Tags
 
Add a new tag
Caveats
  • Supply blocks, unpowered buildings, or Contaminate may cause inaccurate times.
  • Supply counts are checked every 10 seconds.